Cogmind - Beta 14 @@@ ROGUE MODE // 2024.11.15 @ 00:09:47 Player: Zunekagek Result: Destroyed by Y-45 Defender with Heavy Assault Rifle Performance ------------- Evolutions (1) 500 Regions Visited (2) 400 Robots Destroyed (10) 50 Value Destroyed (246) 246 Prototype IDs (2) 40 Alien Tech Used (0) 0 Bonus (0) 0 TOTAL SCORE: 1236 Bonus ------- None Cogmind --------- Core Integrity 0/400 Matter 282/300 Energy 100/100 System Corruption 12% Temperature Cool (9) Movement Core (250) Ox4 Location -9/Materials Parts ------- > --- POWER (1) -------- (None) > --- PROPULSION (3) --- (None) > --- UTILITY (3) ------ Medium Storage Unit > --- WEAPON (2) ------- Maul > --- INVENTORY (10) --- Ion Engine Light Ion Engine Large Storage Unit Light Cannon Maul Maul Maul Maul Peak State ------------ > --- POWER ------------ Ion Engine > --- PROPULSION ------- Aluminum Leg Aluminum Leg Aluminum Leg > --- UTILITY ---------- Medium Storage Unit Weapon Shielding Light Armor Plating > --- WEAPON ----------- Maul Maul > --- INVENTORY -------- Ion Engine Light Ion Engine Large Storage Unit Light Cannon Maul Maul Maul Maul Maul Maul [Rating: 12] Favorites ----------- Power Light Ion Engine Engine Light Ion Engine Propulsion Light Treads Treads Light Treads Leg Aluminum Leg Utility Medium Storage Unit Storage Medium Storage Unit Protection Weapon Shielding Weapon Light Assault Rifle Energy Gun EM Pulse Gun Ballistic Gun Light Assault Rifle Impact Weapon Maul Build | -11 -10 -9 ------- Run | Yrd Mat Mat Slots Evolved 2 | . . 2 Power . | . . . Propulsion 1 | . . 1 Utility 1 | . . 1 Weapon . | . . . Parts Attached 21 | 8 2 11 Power 3 | 2 . 1 Engine 3 | 2 . 1 Core . | . . . Reactor . | . . . Propulsion 7 | 2 . 5 Treads 2 | 2 . . Leg 5 | . . 5 Wheel . | . . . Hover . | . . . Flight . | . . . Utility 4 | 1 2 1 Device . | . . . Storage 2 | 1 1 . Processor . | . . . Hackware . | . . . Protection 2 | . 1 1 Artifact . | . . . Weapon 7 | 3 . 4 Energy Gun 1 | 1 . . Energy Cannon . | . . . Ballistic Gun 2 | 2 . . Ballistic Cannon . | . . . Launcher . | . . . Special Weapon . | . . . Impact Weapon 4 | . . 4 Slashing Weapon . | . . . Piercing Weapon . | . . . Special Melee Weapon . | . . . Unidentified Prototypes . | . . . Corrupted Parts 2 | . . 2 System Corruption 12 | . . 12 Parts Lost 1 | . . 1 Power . | . . . Propulsion 1 | . . 1 Utility . | . . . Weapon . | . . . Highest Loss Streak 1 | . . 1 To Critical Strikes . | . . . Average Slot Usage (%) 89 | . 93 82 Engine 12 | . 14 10 Treads 17 | . 28 . Leg 10 | . . 27 Storage 12 | . 14 11 Protection 9 | . 8 11 Ballistic Gun 17 | . 28 1 Impact Weapon 7 | . . 19 Peak Build Rating 12 | 6 7 12 Average Rating 7 | 5 6 10 On Entrance 4 | . 6 7 Naked Turns . | . . . Heaviest Build 25 | 13 17 25 Greatest Support 40 | 40 40 40 Greatest Overweight (x) 5 | 2 . 5 Average Overweight (x) . | . . . Largest Inventory Capacity 10 | 8 10 10 Average Capacity 9 | 7 9 10 Most Carried 10 | 4 8 10 Average Carried 7 | 2 6 9 Final Capacity 10 | 8 10 10 Final Carried 8 | 4 8 8 Class Distribution -------------------- 100% | Mutant Dominant Class ---------------- Mutant | -10/Materials Mutant | -9/Materials Resources | -11 -10 -9 ----------- Run | Yrd Mat Mat Matter Collected 416 | 193 65 158 Remotely . | . . . Salvage Created 402 | . 65 337 Parts 10 | . 4 6 Haulers Intercepted 1 | . . 1 Recyclers Shooed 1 | . . 1 Parts Field Recycled . | . . . Retrieved Matter . | . . . Parts Self-Destructed . | . . . Prevented . | . . . Kills | -11 -10 -9 ------- Run | Yrd Mat Mat Combat Hostiles Destroyed 6 | . 1 5 Melee 3 | . . 3 Guns 1 | . 1 . Classes Destroyed 5 | . 2 3 Hauler 1 | . . 1 Recycler 1 | . . 1 Watcher 2 | . 1 1 Grunt 5 | . 1 4 Brawler 1 | . . 1 Best Kill Streak 3 | . 1 3 Combat Bots Only 3 | . 1 3 Max Kills in Single Turn 1 | . 1 1 Gunslinging . | . . . Exploded . | . . . Melee 1 | . . 1 Uniques/NPCs Destroyed . | . . . Combat | -11 -10 -9 -------- Run | Yrd Mat Mat Hostile Shots Fired 76 | . 5 71 Missed 14 | . . 14 Damage Taken 786 | . 55 731 Core 414 | . 12 402 Absorbed by Shields . | . . . Redirected to Shielding 14 | . 3 11 Core Remaining (%) 97 | 100 95 . Volleys Fired 6 | . 6 . Largest 2 | . 2 . Hottest 40 | . 40 . Shots Fired 12 | . 12 . Gun 12 | . 12 . Cannon . | . . . Launcher . | . . . Special . | . . . Kinetic 12 | . 12 . Thermal . | . . . Explosive . | . . . Electromagnetic . | . . . Robot Hit Streak 7 | . 7 . Robot Miss Streak 1 | . 1 . Penetration Max . | . . . Secondary Targets . | . . . Shots Hit Robots 32 | . 10 22 Core Hits 4 | . 3 1 Critical Kills . | . . . Critical Parts Destroyed 5 | . . 5 Critical Strikes 5 | . . 5 Smash 5 | . . 5 Melee Attacks 37 | . . 37 Impact 37 | . . 37 Slashing . | . . . Piercing . | . . . Sneak Attacks 3 | . . 3 Combat Hostiles . | . . . Follow-up Attacks 8 | . . 8 Damage Inflicted 972 | . 103 869 Guns 103 | . 103 . Cannons . | . . . Explosions . | . . . Melee 866 | . . 866 Ramming 3 | . . 3 Kinetic 103 | . 103 . Thermal . | . . . Explosive . | . . . Electromagnetic . | . . . Impact 866 | . . 866 Slashing . | . . . Piercing . | . . . Highest Corruption 12 | . 3 12 Average Corruption 11 | . 2 11 Corruption Purged . | . . . Corruption Blocked . | . . . Effects 3 | . . 3 Matter Fused 1 | . . 1 Heat Flow Errors 1 | . . 1 Parts Rejected 1 | . . 1 Overload Shots . | . . . Overflow Damage 329 | . . 329 Projectiles . | . . . Explosions . | . . . Melee 329 | . . 329 Knockbacks 3 | . . 3 Impact 3 | . . 3 Kinetic . | . . . Secondary . | . . . Self-Inflicted Damage . | . . . Shots . | . . . Rammed 1 | . . 1 Targets Rammed 3 | . . 3 Kicked 2 | . . 2 Crushed . | . . . Highest Temperature 112 | . 12 112 Average Temperature 32 | . 6 68 Received Heat Transfer 318 | . 30 288 Siege Activations . | . . . Robots Corrupted 5 | . . 5 Combat Hostiles 2 | . . 2 Parts Fried 7 | . . 7 Impact Corruptions 12 | . . 12 Robots Melted . | . . . Combat Hostiles . | . . . Parts Melted 1 | . . 1 Heat Transferred . | . . . Parts Sabotaged . | . . . Parts Stolen . | . . . Parts Stripped . | . . . Power Chain Reactions . | . . . Alert | -11 -10 -9 ------- Run | Yrd Mat Mat Peak Influence 158 | . 57 158 Initial 24 | . . 24 Average 45 | . 27 86 Maximum Alert Level . | . . . Low Security (%) 100 | 100 100 100 Level 1 . | . . . Level 2 . | . . . Level 3 . | . . . Level 4 . | . . . Level 5 . | . . . High Security . | . . . Max Security . | . . . Squads Dispatched 1 | . 1 . Investigation . | . . . Extermination . | . . . Reinforcement 1 | . 1 . Assault . | . . . Garrison . | . . . Intercept . | . . . Searches Triggered . | . . . Construction Impeded . | . . . Haulers Reinforced . | . . . Active Scanning Responses . | . . . Cargo Convoy Interrupts . | . . . Stealth | -11 -10 -9 --------- Run | Yrd Mat Mat Distress Signals 1 | . . 1 Communications Jammed . | . . . Distress Signals . | . . . Times Spotted 11 | . 2 9 Peak Tracking Total 4 | . 1 4 Tactical Retreats . | . . . Traps | -11 -10 -9 ------- Run | Yrd Mat Mat Traps Triggered 6 | . 2 4 Indirectly . | . . . Trap Hack Attempts . | . . . Triggered . | . . . Disarmed . | . . . Reprogrammed . | . . . Reused . | . . . Traps Extracted . | . . . Installed . | . . . Triggered . | . . . Machines | -11 -10 -9 ---------- Run | Yrd Mat Mat Machines Disabled . | . . . Max in Single Turn . | . . . Machines Repaired . | . . . Machines Dismantled . | . . . Machines Sabotaged . | . . . Overloaded Fab Kills . | . . . Hacking | -11 -10 -9 --------- Run | Yrd Mat Mat Machines Accessed 1 | . 1 . Terminals 1 | . 1 . Fabricators . | . . . Repair Stations . | . . . Recycling Units . | . . . Scanalyzers . | . . . Garrison Access . | . . . Total Hacks 2 | . 2 . Successful 1 | . 1 . Failed 1 | . 1 . Catastrophic . | . . . Database Lockouts . | . . . Manual . | . . . Terminals 2 | . 2 . Fabricators . | . . . Repair Stations . | . . . Recycling Units . | . . . Scanalyzers . | . . . Garrison Access . | . . . Terminal Hacks 1 | . 1 . Prototype ID Bank 1 | . 1 . Fabricator Hacks . | . . . Repair Station Hacks . | . . . Recycling Unit Hacks . | . . . Scanalyzer . | . . . Garrison Access Hacks . | . . . Unauthorized Hacks . | . . . Terminals . | . . . Fabricators . | . . . Repair Stations . | . . . Recycling Units . | . . . Scanalyzers . | . . . Garrison Access . | . . . Data Cores Recovered . | . . . Used . | . . . Hacking Detections 1 | . 1 . Full Trace Events . | . . . Feedback Events . | . . . Feedback Blocked . | . . . Robot Schematics Acquired . | . . . Robots Built . | . . . Authchips . | . . . Time . | . . . Total Robot Build Rating . | . . . Part Schematics Acquired . | . . . Parts Built . | . . . Authchips . | . . . Time . | . . . Total Part Build Rating . | . . . Parts Repaired . | . . . Time . | . . . Parts Recycled . | . . . Recycled Matter . | . . . Retrieved Matter . | . . . Retrieved Components . | . . . Parts Scanalyzed . | . . . Part Schematics Acquired . | . . . Parts Damaged . | . . . Bothacking | -11 -10 -9 ------------ Run | Yrd Mat Mat Used RIF Installer . | . . . Robots Hacked . | . . . Non-combat . | . . . Combat . | . . . Robot Hacks Applied . | . . . Relay Couplers Released . | . . . Fabnet Peak Effective % . | . . . Robots Rewired . | . . . Allies Hacked . | . . . Hacks Repelled . | . . . Allies | -11 -10 -9 -------- Run | Yrd Mat Mat Total Allies . | . . . Largest Group . | . . . Highest-Rated Group . | . . . Highest-Rated Ally . | . . . Total Orders . | . . . Ally Attacks . | . . . Total Damage . | . . . Kills . | . . . Allies Corrupted . | . . . Allies Melted . | . . . Intel | -11 -10 -9 ------- Run | Yrd Mat Mat Robot Analysis Total . | . . . Derelict Logs Recovered . | . . . Drone Launches . | . . . Drone Recoveries . | . . . Exploration | -11 -10 -9 ------------- Run | Yrd Mat Mat Turns Passed 714 | 66 398 250 Spaces Moved 341 | 36 216 89 Core 7 | 6 . 1 Treads 251 | 30 216 5 Legs 83 | . . 83 Wheels . | . . . Hover . | . . . Flight . | . . . Fastest Speed 50 | 50 160 120 Average Speed 150 | 145 160 127 Slowest Speed 300 | 160 160 300 Overloaded Moves . | . . . Propulsion Burnouts . | . . . Robots Hopped . | . . . Cave-ins Triggered . | . . . Exploration Rate (%) 15 | 4 33 8 Regions Visited 2 Branch Regions . Pre-discovered Areas . | . . . Known Exits Taken . | . . . Unknown Exits Taken 2 | 1 1 . Scrap Searched . | . . . Spaces Dug . | . . . Terrain Destroyed . | . . . Melee . | . . . Projectile . | . . . AOE . | . . . Terrain Rammed . | . . . Walls Destroyed . | . . . Machines Disabled . | . . . Actions | -11 -10 -9 --------- Run | Yrd Mat Mat Total 469 | 47 258 164 Wait 47 | . 28 19 Move 339 | 35 215 89 Hop . | . . . Pick Up 13 | 2 5 6 Fast Attach 14 | 8 2 4 Attach 5 | . . 5 Detach 4 | 2 . 2 Swap 2 | . . 2 Drop 8 | . 2 6 Fire 6 | . 6 . Melee 28 | . . 28 Ram 1 | . . 1 Kick 2 | . . 2 Crush . | . . . Escape Stasis . | . . . Rewire . | . . . Trap . | . . . Miscellaneous . | . . . Route ------- -11/Scrapyard -10/Materials -9/Materials (discovered 1 exit: [*Min]) History --------- Turn | Location | Event 6 | -11/Scrapyard | Discovered new exit (range 16) 67 | -11/Scrapyard | Entered Materials 318 | -10/Materials | Build established: Mutant 440 | -10/Materials | Discovered new exit (range 10) 465 | -10/Materials | Entered another Materials area 465 | -9/Materials | Evolved 2 slots: Propulsion x1, Utility x1 580 | -9/Materials | Discovered new exit (range 12) 637 | -9/Materials | System corruption reached 10% 696 | -9/Materials | Core integrity fell below 50% 710 | -9/Materials | Core integrity fell below 20% 715 | -9/Materials | Destroyed by Y-45 Defender with Heavy Assault Rifle Last Messages --------------- within the floor. 00695_ Aluminum Leg severed. 00695_ Maul severed. 00695_ Ion Engine severed. 00697_ Slammed into Y-45 Defender. 00697_ Triggered Blade Trap. 00697_ Massive razor-sharp blades shoot up from within the floor. 00697_ Weapon Shielding severed. 00701_ U-05 Engineer lays Concrete. 00704_ Sneak attack on U-05 Engineer. 00704_ Destroyed Structural Scanner. 00704_ Destroyed Wheel. 00704_ U-05 Engineer system corrupted by crushing effect. 00704_ U-05 Engineer knocked back. 00706_ U-05 Engineer lays Concrete. 00707_ Acquired 2 matter. 00707_ U-05 Engineer lays Concrete. 00715_ System corrupted: Maul rejected. Map ----- +----------------------------------------------------+ | ?????????????????????????????????????????????????? | | ?????????????????????????????????????????????????? | | ?????????????????????????????????????????????????? | | ?????????????????????????????????????????????????? | | ?????????????????????????????????????????????????? | | ?????????????????????????????????????????????????? | | ?????????????????????????????????????????????????? | | ?????????????????????????????????????????????????? | | ?????????????????????????????????????????????????? | | ?????????????????????????????????????????????????? | | ?????????????????????????????????????????????????? | | ?????????????????????????????????????????????????? | | ?????????????????????????????????????????????????? | | ?????????????????????????????????????????????????? | | ?????????????????????????????????????????????????? | | ?????????????????????????????????????????????????? | | ?????????????????????????????????#???????????????? | | ???????????????????????????????? #???????????????? | | ???????????????????????????????? ????????????????? | | ??????????????????????????????? #????????????????? | | ?????????????????????????????? #????????????????? | | ?????????????????????????????? #????????????????? | | ???????????? ?????????????? #????????????????? | | ??????????# ############ u#########????????? | | ??????????# r m^ Y ???????? | | ??????????# Y @/u ???????? | | ?????????????# u* ???????? | | ?????????????# ####### /=#######+####??????????? | | ??????????????????????## !=####??????????????????? | | ??????????????????????# "#??????????????????? | | ??????????????????????# ""#??????????????????? | | ??????????????????????# !!#??????????????????? | | ??????????????????????# < ""#??????????????????? | | ??????????????????????# ||#??????????????????? | | ??????????????????????# % ""#??????????????????? | | ??????????????????????# "#??????????????????? | | ??????????????????????## ##############????????? | | ???????????????????????# # #????????? | | ???????????????????????# # """ """ #????????? | | ???????????????????????# # """ """ #????????? | | ???????????????????????# # """ """ #????????? | | ???????????????????????# # % =% ]#????????? | | ???????????????????????# *##+#####/########?????? | | ???????????????????????+ % %= ???? | | ???????????????????????# #??????? | | ???????????????????????# #??????? | | ???????????????????????##### ###+##### ##??????? | | ???????????????????????????# #?????????????????? | | ???????????????????????????# #?????????????????? | | ???????????????????????????# #?????????????????? | +----------------------------------------------------+ Best States ------------- Heat Dissipation 28 Energy Generation 10 Energy Capacity 250 Matter Stores 300 Matter Capacity 300 Sight Range 16 Terrain Scan Density 10 Armor Coverage 150 Weapon Shielding 33 Evasion (%) 55 Recoil Reduction 2 Item Schematics ----------------- None Robot Schematics ------------------ None Fabricated ------------ Nothing Alien Tech Used ----------------- None Achievements -------------- None Challenges ------------ None Game ------ Seed HardcellSeismicRegenerator Manual? 0 Play Time 00:08:09 Cumulative 23.7 hours Start 2024.11.15 @ 00:03:36 End 2024.11.15 @ 00:09:47 Sessions 1 Manual Loads 0 Difficulty Rogue Special Mode None Game No. 25 Rogue 25 Adventurer 0 Explorer 0 Win Type - Total 0 Types 0/0/0/0/0/0/0/0/0 Lore% 10 Gallery% 22 Achievement% 21 Wizard Run 0 Options --------- Layout 1 ASCII 0 Keyboard 1 Movement Numpad Keybinds 0 Fullscreen 1 Font 24/Smallcaps Map View 50x35 Zoom Use 0% Tactical HUD 1 Map Filters NONE Filters NONE Steam 1 RUN: 5576e530-b8f3-42f3-b1bf-46eeb7b1fc2b